 Dungeon Crawl Stone Soup version 0.23-a0-295-g2e428d4 (webtiles) character file.

93 varaam the Vandal (level 4, 0/29 HPs)
             Began as a Halfling Hunter on Oct 4, 2018.
             Was an Initiate of Fedhas.
             Killed by nerve-wracking pain
             ... invoked by an orc priest
              (7 damage)
             ... on level 3 of the Dungeon.
             The game lasted 00:07:28 (2146 turns).

varaam the Vandal (Halfling Hunter)                 Turns: 2146, Time: 00:07:28

Health: 0/29       AC:  3    Str: 13    XL:     4   Next: 91%
Magic:  4/4        EV: 15    Int:  9    God:    Fedhas [......]
Gold:   74         SH:  0    Dex: 15    Spells: 3/3 levels left

rFire    . . .     SeeInvis .   a - +1 hunting sling
rCold    . . .     Gourm    .   (shield restricted)
rNeg     . . .     Faith    .   c - +0 leather armour
rPois    .         Spirit   .   (no helmet)
rElec    .         Reflect  .   k - scarf {cloud immunity}
rCorr    .         Harm     .   (no gloves)
MR       .....                  (no boots)
Stlth    ++........             (no amulet)
HPRegen  0.09/turn              (no ring)
MPRegen  0.09/turn              (no ring)

@: no status effects
A: small, mutation resistance 1
a: Fungal Bloom, Renounce Religion


You were on level 3 of the Dungeon.
You worshipped Fedhas.
Fedhas was noncommittal.
You were not hungry.

You visited 1 branch of the dungeon, and saw 3 of its levels.

You collected 74 gold pieces.

Inventory:

Hand Weapons
 a - a +1 hunting sling (weapon)
 b - a +0 short sword
Missiles
 d - 47 sling bullets (quivered)
 m - 14 poisoned needles
 Q - 115 stones
Armour
 c - a +0 leather armour (worn)
 k - a scarf of cloud immunity (worn)
Scrolls
 h - 4 scrolls of teleportation {unknown}
 i - 2 scrolls of identify {unknown}
 j - a scroll of enchant weapon {unknown}
 l - a scroll of remove curse {unknown}
Potions
 e - a potion of lignification {unknown}
Comestibles
 f - 4 rations
 g - 3 chunks of flesh


   Skills:
 - Level 1.7 Fighting
 * Level 7.3 Slings
 + Level 3.1 Dodging
 + Level 2.6 Stealth


You had 3 spell levels left.
You didn't know any spells.
Your spell library was empty.

Dungeon Overview and Level Annotations

Branches:
Dungeon (3/15)

Altars:
Fedhas


Innate Abilities, Weirdness & Mutations

You are small and have problems with some larger weapons.
You are somewhat resistant to further mutation.


Message History

Aim: an orc priest (severely wounded)
You shoot a sling bullet.
The sling bullet barely misses the orc priest.
The sling bullet hits the orc.
The orc priest hits you.
* * * LOW HITPOINT WARNING * * *
You take 3 damage, and have 7/29 hp.
Firing (i - inventory. (/) - cycle)
d - 49 sling bullets (quivered)
Aim: an orc priest (severely wounded)
You shoot a sling bullet.
The sling bullet barely misses the orc priest.
The sling bullet closely misses the orc.
Firing (i - inventory. (/) - cycle)
d - 48 sling bullets (quivered)
Aim: an orc priest (severely wounded)
You shoot a sling bullet.
The sling bullet barely misses the orc priest.
The sling bullet hits the orc!
You kill the orc!
The orc priest invokes the aid of Beogh against you.
Pain shoots through your body!
You die...

###########
#)o@.....<#
#(#########
.....((.#
...(....#
.(.......
#.#....##
#....##
##.#. #...


You could see an orc priest.

Vault maps used:
D:1:      dpeg_arrival_more_subterranean_lakeside_camping, minmay_vboxes
D:2:      tgw_fedhas
D:3:      good_gods_temple_1, lemuel_blue_sif_altar, first_ration,
          chequers_ecumenical_altar_simple_redux, kennysheep_another_room,
          grunt_ministairs_2

Notes
Turn   | Place    | Note
-------+----------+-------------------------------------------
     0 | D:1      | varaam the Halfling Hunter began the quest for the Orb.
     0 | D:1      | Reached XP level 1. HP: 14/14 MP: 1/1
   103 | D:1      | Reached skill level 6 in Slings
   114 | D:1      | Identified a +0 short sword
   119 | D:1      | Reached XP level 2. HP: 19/19 MP: 2/2
   142 | D:1      | Identified a +1 hunting sling
   623 | D:1      | Reached XP level 3. HP: 20/24 MP: 3/3
  1178 | D:2      | Reached skill level 2 in Stealth
  1191 | D:2      | Reached XP level 4. HP: 27/29 MP: 4/4
  1220 | D:2      | Reached skill level 7 in Slings
  1279 | D:2      | Reached skill level 3 in Dodging
  1418 | D:2      | Found a blossoming altar of Fedhas.
  1437 | D:2      | Became a worshipper of Fedhas Madash
  1445 | D:2      | Noticed an oklob plant
  1637 | D:2      | Identified a scarf of cloud immunity (You found it on level
                  | 2 of the Dungeon)
  2144 | D:3      | HP: 7/29 [orc priest (3)]
  2146 | D:3      | Killed from afar by an orc priest

Table legend:
 A = Turns spent in this place as a percentage of turns spent in the entire game.
 B = Non-inter-level travel turns spent in this place as a percentage of non-inter-level travel turns spent in the entire game.
 C = Inter-level travel turns spent in this place as a percentage of turns spent in this place.
 D = Turns resting spent in this place as a percentage of non-inter-level travel turns spent in this place.
 E = Turns spent auto-exploring this place as a percentage of non-inter-level travel turns spent in this place.
 F = Non-inter-level travel turns spent in this place divided by the number of levels of this place that you've seen.
                   A       B       C       D       E      F
               +-------+-------+-------+-------+-------+----------------------
         Total | 100.0 | 100.0 |   2.4 |   5.7 |  75.8 | 698.0
       Dungeon | 100.0 | 100.0 |   2.4 |   5.7 |  75.8 | 698.0
               +-------+-------+-------+-------+-------+----------------------

Table legend:
 A = Kills in this place as a percentage of kills in entire the game.
 B = Kills by you in this place as a percentage of kills by you in the entire game.
 C = Kills by friends in this place as a percentage of kills by friends in the entire game.
 D = Other kills in this place as a percentage of other kills in the entire game.
 E = Experience gained in this place as a percentage of experience gained in the entire game.
 F = Experience gained in this place divided by the number of levels of this place that you have seen.
                   A       B       C       D       E      F
               +-------+-------+-------+-------+-------+----------------------
         Total | 100.0 | 100.0 |   N/A |   N/A | 100.0 |  44.3
       Dungeon | 100.0 | 100.0 |   N/A |   N/A | 100.0 |  44.3
               +-------+-------+-------+-------+-------+----------------------

Skill      XL: |  1  2  3  4 |
---------------+-------------+-----
Slings         | 6 7 |  7.3
Stealth        | 2 |  2.6
Dodging        | 3 |  3.1
Fighting       | |  1.7

Action                   |  1- 3 |  4- 6 || total
-------------------------+-------+-------++-------
Melee: Short sword       |    44 |    15 ||    59
 Fire: Hunting sling     |    30 |    64 ||    94
  Eat: Chunk             |     1 |     3 ||     4
Armor: Leather armour    |    11 |     3 ||    14
Dodge: Dodged            |    33 |    22 ||    55

Vanquished Creatures
  A worker ant (D:2)
  2 worms (D:2)
  2 dart slugs
  2 leopard geckos
  3 orcs (D:3)
  4 giant cockroaches
  5 goblins
  4 hobgoblins
  3 jackals (D:2)
  3 quokkas (D:2)
  6 bats
  2 frilled lizards
  7 kobolds
  7 rats
51 creatures vanquished.

Vanquished Creatures (others)
  13 toadstools (D:2)
13 creatures vanquished.

Grand Total: 64 creatures vanquished
